FSL
LAKELAND FLYING TIGERS @ TAMPA YANKEES
05/22/2099
 
TOP OF THE 1ST
Lakeland Flying Tigers batting - Pitching for Tampa Yankees : RHP Joe Coffey
Pitching: RHP Joe Coffey
Batting: RHB Chris Bowman 0-0: Ball
1-0: Ball
2-0: Ball
3-0: Base on Balls
Batting: RHB Jay Burdis 0-0: Ball
1-0: Ball
2-0: Ball
3-0: Base on Balls
Chris Bowman to second
Batting: RHB Alex Sanchez 0-0: Foul Ball, location: 2F
0-1: Ball
1-1: Ball
2-1: Ball
3-1: Base on Balls
Chris Bowman to third
Jay Burdis to second
Batting: LHB Mike Giordano 0-0: Ball
1-0: Called Strike
1-1: Ball
2-1: SINGLE (Flyball, 8RS, EV 94.4 MPH)
Chris Bowman scores
Jay Burdis to third
Alex Sanchez to second
Batting: SHB Casey Jones 0-0: Swinging Strike
0-1: SINGLE (Groundball, 34D, EV 96.3 MPH)
Jay Burdis scores
Alex Sanchez to third
Mike Giordano to second
Batting: RHB David Titsworth 0-0: Grounds into fielders choice 5-2 (Groundball, 56S, EV 78.8 MPH)
Mike Giordano to third
Casey Jones to second
Batting: SHB Victor Costales 0-0: Swinging Strike
0-1: Ball
1-1: Swinging Strike
1-2: Strikes out swinging
Batting: LHB Ted Oetken 0-0: Swinging Strike
0-1: Ball
1-1: Called Strike
1-2: Ball
2-2: TRIPLE (Flyball, 9LD, EV 101.9 MPH)
Mike Giordano scores
Casey Jones scores
David Titsworth scores
Batting: RHB William Rangnow 0-0: Ball
1-0: Ball
2-0: Ball
3-0: Called Strike
3-1: Foul Ball, location: 5F
3-2: Strikes out looking
Top of the 1st over - 5 runs, 3 hits, 0 errors, 1 left on base; Lakeland 5 - Tampa 0
BOTTOM OF THE 1ST
Tampa Yankees batting - Pitching for Lakeland Flying Tigers : RHP Pedro Gonzalez
Pitching: RHP Pedro Gonzalez
Batting: RHB Allen Eck 0-0: Ball
1-0: Called Strike
1-1: Ball
2-1: Ball
3-1: Base on Balls
Batting: LHB Garrett Basinger 0-0: Foul Ball, location: 23F
0-1: Foul Ball, location: 7LMFF
0-2: Ball
1-2: Strikes out looking
Batting: SHB Cale Dee 0-0: Ball
1-0: Ball
Allen Eck steals 2nd base
2-0: Ball
3-0: Called Strike
3-1: Swinging Strike
3-2: Foul Ball, location: 2F
3-2: Strikes out swinging
Batting: LHB Max Mines 0-0: Fly out, F8 (Flyball, 78M, EV 91.9 MPH)
Bottom of the 1st over - 0 runs, 0 hits, 0 errors, 1 left on base; Lakeland 5 - Tampa 0
TOP OF THE 2ND
Lakeland Flying Tigers batting - Pitching for Tampa Yankees : RHP Joe Coffey
Batting: RHB Chris Bowman 0-0: Ball
1-0: Called Strike
1-1: Called Strike
1-2: Strikes out looking
Batting: RHB Jay Burdis 0-0: Foul Ball, location: 2F
0-1: Swinging Strike
0-2: Ball
1-2: Ball
2-2: Fly out, F8 (Flyball, 78D, EV 86.9 MPH)
Batting: RHB Alex Sanchez 0-0: Ball
1-0: Ball
2-0: Foul Ball, location: 2F
2-1: Ball
3-1: SINGLE (Groundball, 56S, EV 76.3 MPH) (infield hit)
Batting: LHB Mike Giordano 0-0: Foul Ball, location: 3DF
0-1: Ball
1-1: Ball
2-1: Ball
3-1: Called Strike
3-2: Foul Ball, location: 5SF
3-2: SINGLE (Groundball, 4MD, EV 105.6 MPH)
Alex Sanchez to second
Alex Sanchez to third
Pitching: RHP Jim Unknown
Batting: SHB Casey Jones 0-0: Ball
1-0: Foul Ball, location: 25F
1-1: Foul Ball, location: 2F
1-2: Fielders Choice at 2nd, U4 (Groundball, 4M, EV 105.0 MPH)
Top of the 2nd over - 0 runs, 2 hits, 0 errors, 2 left on base; Lakeland 5 - Tampa 0
BOTTOM OF THE 2ND
Tampa Yankees batting - Pitching for Lakeland Flying Tigers : RHP Pedro Gonzalez
Batting: RHB Dan Edwards 0-0: Foul Ball, location: 3FF
0-1: Ball
1-1: Fly out, F8 (Flyball, 8LD, EV 96.3 MPH)
Batting: SHB Abraham Morfin 0-0: Ball
1-0: Swinging Strike
1-1: Ball
2-1: Ball
3-1: Foul Ball, location: 2F
3-2: Fly out, F9 (Flyball, 9D, EV 106.3 MPH)
Batting: RHB Brett Bresnahan 0-0: Called Strike
0-1: Swinging Strike
0-2: Foul Ball, location: 3DF
0-2: Strikes out swinging
Bottom of the 2nd over - 0 runs, 0 hits, 0 errors, 0 left on base; Lakeland 5 - Tampa 0
TOP OF THE 3RD
Lakeland Flying Tigers batting - Pitching for Tampa Yankees : RHP Jim Unknown
Batting: RHB David Titsworth 0-0: Ball
1-0: Ground out 6-3 (Groundball, 6, EV 68.1 MPH)
Batting: SHB Victor Costales 0-0: Ball
1-0: Called Strike
1-1: Hit by Pitch
Batting: LHB Ted Oetken 0-0: Ball
1-0: Foul Ball, location: 2RF
1-1: Foul Ball, location: 3F
1-2: SINGLE (Line Drive, 8LS, EV 108.1 MPH)
Victor Costales to second
Batting: RHB William Rangnow 0-0: Called Strike
0-1: Ball
Wild Pitch!
Victor Costales to third
Ted Oetken to second
1-1: Foul Ball, location: 2F
1-2: Foul Ball, location: 5F
1-2: Foul Ball, location: 9LMF
1-2: Ball
2-2: Strikes out swinging
Batting: RHB Chris Bowman 0-0: Called Strike
0-1: Ball
1-1: Ball
2-1: Ball
3-1: Called Strike
3-2: Base on Balls
Batting: RHB Jay Burdis 0-0: Ball
1-0: Called Strike
1-1: Foul Ball, location: 2F
1-2: Ball
2-2: Fly out, F7 (Flyball, 78M, EV 85.0 MPH)
Top of the 3rd over - 0 runs, 1 hit, 0 errors, 3 left on base; Lakeland 5 - Tampa 0
BOTTOM OF THE 3RD
Tampa Yankees batting - Pitching for Lakeland Flying Tigers : RHP Pedro Gonzalez
Batting: LHB Eric Murray 0-0: Ball
1-0: Foul Ball, location: 2F
1-1: Ground out 4-3 (Groundball, 4D, EV 98.1 MPH)
Batting: SHB William Santos 0-0: Called Strike
0-1: Swinging Strike
0-2: Foul Ball, location: 2F
0-2: Fly out, F7 (Line Drive, 7S, EV 106.3 MPH)
Batting: RHB Allen Eck 0-0: Fly out, F6 (Flyball, 5D, EV 91.9 MPH)
Bottom of the 3rd over - 0 runs, 0 hits, 0 errors, 0 left on base; Lakeland 5 - Tampa 0
TOP OF THE 4TH
Lakeland Flying Tigers batting - Pitching for Tampa Yankees : RHP Jim Unknown
Batting: RHB Alex Sanchez 0-0: Swinging Strike
0-1: Ball
1-1: Ball
2-1: Ball
3-1: Base on Balls
Batting: LHB Mike Giordano 0-0: Fly out, F7 (Line Drive, 78M, EV 90.0 MPH)
Batting: SHB Casey Jones 0-0: Called Strike
0-1: Fly out, F4 (Line Drive, 4, EV 74.4 MPH)
Batting: RHB David Titsworth 0-0: SINGLE (Line Drive, 56, EV 100.6 MPH)
Alex Sanchez to second
Batting: SHB Victor Costales 0-0: Swinging Strike
0-1: 3-RUN HOME RUN (Flyball, 78XD, EV 105.0 MPH), Distance : 435 ft
Batting: LHB Ted Oetken 0-0: Called Strike
0-1: Ball
1-1: Called Strike
1-2: Foul Ball, location: 7LSF
1-2: Fly out, F8 (Flyball, 8LD, EV 110.6 MPH)
Top of the 4th over - 3 runs, 2 hits, 0 errors, 0 left on base; Lakeland 8 - Tampa 0
BOTTOM OF THE 4TH
Tampa Yankees batting - Pitching for Lakeland Flying Tigers : RHP Pedro Gonzalez
Batting: LHB Garrett Basinger 0-0: Fly out, F9 (Line Drive, 9LM, EV 105.6 MPH)
Batting: SHB Cale Dee 0-0: Fly out, F8 (Flyball, 8RM, EV 80.0 MPH)
Batting: LHB Max Mines 0-0: Called Strike
0-1: Swinging Strike
0-2: SINGLE (Line Drive, 89M, EV 106.9 MPH)
Batting: RHB Dan Edwards 0-0: Called Strike
0-1: Fly out, F8 (Line Drive, 8RD, EV 88.8 MPH)
Bottom of the 4th over - 0 runs, 1 hit, 0 errors, 1 left on base; Lakeland 8 - Tampa 0
TOP OF THE 5TH
Lakeland Flying Tigers batting - Pitching for Tampa Yankees : RHP Jim Unknown
Batting: RHB William Rangnow 0-0: Called Strike
0-1: Ball
1-1: Ball
2-1: Ground out 6-3 (Groundball, 6S, EV 85.0 MPH)
Batting: RHB Chris Bowman 0-0: Ball
1-0: Foul Ball, location: 2RF
1-1: Called Strike
1-2: Ball
2-2: Ball
3-2: Base on Balls
Pitching: LHP Jim Unknown
Batting: RHB Jay Burdis 0-0: Ball
1-0: Ball
2-0: Called Strike
2-1: Ball
3-1: Swinging Strike
3-2: Foul Ball, location: 2F
3-2: Base on Balls
Chris Bowman to second
Batting: RHB Alex Sanchez 0-0: TRIPLE (Flyball, 78XD, EV 100.0 MPH)
Chris Bowman scores
Jay Burdis scores
Batting: LHB Mike Giordano 0-0: Ball
1-0: Called Strike
1-1: Fly out, F7 (Flyball, 7LMF, EV 89.4 MPH)
Runner from 3rd tags up, SCORES, throw by LF
Batting: SHB Casey Jones 0-0: Fly out, F7 (Line Drive, 78M, EV 105.0 MPH)
Top of the 5th over - 3 runs, 1 hit, 0 errors, 0 left on base; Lakeland 11 - Tampa 0
BOTTOM OF THE 5TH
Tampa Yankees batting - Pitching for Lakeland Flying Tigers : RHP Pedro Gonzalez
Batting: SHB Abraham Morfin 0-0: Called Strike
0-1: Ball
1-1: SINGLE (Line Drive, 9S, EV 106.3 MPH)
Batting: RHB Brett Bresnahan 0-0: Called Strike
0-1: Called Strike
0-2: Strikes out looking
Batting: LHB Eric Murray 0-0: Fly out, F9 (Flyball, 9, EV 86.3 MPH)
Batting: SHB William Santos 0-0: Hit by Pitch
Abraham Morfin to second
Batting: RHB Allen Eck 0-0: Called Strike
0-1: Ground out 6-3 (Groundball, 56, EV 108.1 MPH)
Bottom of the 5th over - 0 runs, 1 hit, 0 errors, 2 left on base; Lakeland 11 - Tampa 0
TOP OF THE 6TH
Lakeland Flying Tigers batting - Pitching for Tampa Yankees : LHP Jim Unknown
Batting: RHB David Titsworth 0-0: SINGLE (Groundball, 4MD, EV 103.8 MPH)
Batting: SHB Victor Costales 0-0: Called Strike
0-1: SINGLE (Line Drive, 9S, EV 96.9 MPH)
David Titsworth to second
Batting: LHB Ted Oetken 0-0: SINGLE (Flyball, 78S, EV 93.8 MPH)
David Titsworth to third
Victor Costales to second
Batting: RHB William Rangnow 0-0: Grounds into fielders choice 6-2 (Groundball, 6, EV 84.4 MPH)
Victor Costales to third
Ted Oetken to second
Batting: RHB Chris Bowman 0-0: Called Strike
0-1: Ball
1-1: Fly out, F6 (Popup, 6M, EV 66.3 MPH)
Batting: RHB Jay Burdis 0-0: Foul Ball, location: 9LMF
0-1: Fielders Choice at 2nd, 6-4 (Groundball, 6, EV 88.8 MPH)
Top of the 6th over - 0 runs, 3 hits, 0 errors, 3 left on base; Lakeland 11 - Tampa 0
BOTTOM OF THE 6TH
Tampa Yankees batting - Pitching for Lakeland Flying Tigers : RHP Pedro Gonzalez
Batting: LHB Garrett Basinger 0-0: Ball
1-0: Ball
2-0: Ball
3-0: Base on Balls
Batting: SHB Cale Dee 0-0: Ball
1-0: DOUBLE (Line Drive, 89M, EV 94.4 MPH)
Garrett Basinger to third
Batting: LHB Max Mines 0-0: Ball
1-0: Ball
2-0: Ball
3-0: Ground out 4-3 (Groundball, 4, EV 82.5 MPH)
Garrett Basinger scores
Cale Dee to third
Batting: RHB Dan Edwards 0-0: Called Strike
0-1: Ball
1-1: Fly out, F9 (Flyball, 9LSF, EV 85.0 MPH)
Runner from 3rd tags up, SCORES, throw by RF
Batting: SHB Abraham Morfin 0-0: DOUBLE (Line Drive, 7LD, EV 105.0 MPH)
Batting: RHB Brett Bresnahan 0-0: Ball
1-0: Ground out 5-3 (Groundball, 56S, EV 86.9 MPH)
Bottom of the 6th over - 2 runs, 2 hits, 0 errors, 1 left on base; Lakeland 11 - Tampa 2
TOP OF THE 7TH
Lakeland Flying Tigers batting - Pitching for Tampa Yankees : LHP Jim Unknown
Batting: RHB Alex Sanchez 0-0: SINGLE (Flyball, 78S, EV 95.0 MPH)
Batting: LHB Mike Giordano 0-0: Ball
1-0: Called Strike
1-1: Ball
2-1: Foul Ball, location: 7LDF
2-2: Ball
3-2: SINGLE (Line Drive, 9S, EV 110.0 MPH)
Alex Sanchez to second
Batting: SHB Casey Jones 0-0: Swinging Strike
0-1: Foul Ball, location: 5DF
0-2: Ball
1-2: Strikes out swinging
Batting: RHB David Titsworth 0-0: Ball
1-0: Ball
2-0: Called Strike
2-1: 3-RUN HOME RUN (Flyball, 7LD, EV 91.9 MPH), Distance : 343 ft
Batting: SHB Victor Costales 0-0: Ball
1-0: Ball
2-0: Foul Ball, location: 2F
2-1: Ball
3-1: Foul Ball, location: 2F
3-2: Base on Balls
Batting: LHB Ted Oetken 0-0: Fly out, F9 (Line Drive, 9, EV 91.3 MPH)
Batting: RHB William Rangnow 0-0: Ball
1-0: Foul Ball, location: 2F
1-1: Swinging Strike
1-2: Ball
2-2: Foul Ball, location: 5F
2-2: Ground out 5-3 (Groundball, 15, EV 81.3 MPH)
Top of the 7th over - 3 runs, 3 hits, 0 errors, 1 left on base; Lakeland 14 - Tampa 2
BOTTOM OF THE 7TH
Tampa Yankees batting - Pitching for Lakeland Flying Tigers : RHP Pedro Gonzalez
Batting: LHB Eric Murray 0-0: Called Strike
0-1: Ball
1-1: Foul Ball, location: 2F
1-2: Fly out, F7 (Flyball, 7D, EV 95.6 MPH)
Batting: SHB William Santos 0-0: Ball
1-0: Foul Ball, location: 3DF
1-1: SINGLE (Line Drive, 89S, EV 95.0 MPH)
Batting: RHB Allen Eck 0-0: Foul Ball, location: 5F
0-1: Ball
1-1: Fly out, F4 (Popup, 4D, EV 54.4 MPH)
Batting: LHB Garrett Basinger 0-0: Ball
1-0: Swinging Strike
1-1: Ball
2-1: Foul Ball, location: 2F
2-2: Foul Ball, location: 2F
2-2: Ground out U3 (Groundball, 3L, EV 102.5 MPH)
Bottom of the 7th over - 0 runs, 1 hit, 0 errors, 1 left on base; Lakeland 14 - Tampa 2
TOP OF THE 8TH
Lakeland Flying Tigers batting - Pitching for Tampa Yankees : LHP Jim Unknown
Batting: RHB Chris Bowman 0-0: Foul Ball, location: 9LDF
0-1: Ball
1-1: Ball
2-1: Ball
3-1: Foul Ball, location: 25F
3-2: Fly out, F9 (Flyball, 9D, EV 101.3 MPH)
Batting: RHB Jay Burdis 0-0: Called Strike
0-1: Foul Ball, location: 2F
0-2: Ball
1-2: Ball
2-2: Ball
3-2: Base on Balls
Pitching: LHP Jim Unknown
Batting: RHB Alex Sanchez 0-0: Called Strike
0-1: Ball
1-1: Called Strike
1-2: Foul Ball, location: 9LMFF
1-2: Fly out, F9 (Line Drive, 9, EV 99.4 MPH)
Batting: LHB Mike Giordano 0-0: Ball
1-0: Foul Ball, location: 7LDF
1-1: Ball
2-1: Ball
3-1: Fly out, F5 (Popup, 5S, EV 83.1 MPH)
Top of the 8th over - 0 runs, 0 hits, 0 errors, 1 left on base; Lakeland 14 - Tampa 2
BOTTOM OF THE 8TH
Tampa Yankees batting - Pitching for Lakeland Flying Tigers : RHP Pedro Gonzalez
Batting: SHB Cale Dee 0-0: Ball
1-0: Called Strike
1-1: Called Strike
1-2: Foul Ball, location: 2F
1-2: Foul Ball, location: 23F
1-2: Strikes out looking
Pinch Hitting: RHB Jim Unknown 0-0: Ball
1-0: Foul Ball, location: 9LSF
1-1: Called Strike
1-2: Ball
2-2: Foul Ball, location: 2F
2-2: Fly out, F7 (Flyball, 8LS, EV 85.0 MPH)
Batting: RHB Dan Edwards 0-0: Called Strike
0-1: Ball
1-1: Ball
2-1: Ball
3-1: Foul Ball, location: 2F
3-2: Fly out, F9 (Flyball, 89M, EV 82.5 MPH)
Bottom of the 8th over - 0 runs, 0 hits, 0 errors, 0 left on base; Lakeland 14 - Tampa 2
TOP OF THE 9TH
Lakeland Flying Tigers batting - Pitching for Tampa Yankees : LHP Jim Unknown
Now in LF: Andrew Gabbard
Batting: SHB Casey Jones 0-0: Ball
1-0: Foul Ball, location: 2F
1-1: Called Strike
1-2: Ball
2-2: Ball
3-2: Foul Ball, location: 5SF
3-2: Strikes out looking
Batting: RHB David Titsworth 0-0: Ball
1-0: Called Strike
1-1: Ground out 5-3 (Groundball, 5, EV 103.8 MPH)
Batting: SHB Victor Costales 0-0: Ground out 4-3 (Groundball, 4MD, EV 108.8 MPH)
Top of the 9th over - 0 runs, 0 hits, 0 errors, 0 left on base; Lakeland 14 - Tampa 2
BOTTOM OF THE 9TH
Tampa Yankees batting - Pitching for Lakeland Flying Tigers : RHP Pedro Gonzalez
Pitching: LHP Jason Martin
Pinch Hitting: LHB Jim Unknown 0-0: Ball
1-0: Foul Ball, location: 23F
1-1: Swinging Strike
1-2: Foul Ball, location: 2F
1-2: Foul Ball, location: 9LSFF
1-2: Foul Ball, location: 2F
1-2: Ball
2-2: Ball
3-2: Base on Balls
Batting: RHB Brett Bresnahan 0-0: Foul Ball, location: 2F
0-1: Foul Ball, location: 2F
0-2: Ball
1-2: Ball
2-2: Foul Ball, location: 2F
2-2: SINGLE (Groundball, 5S, EV 65.0 MPH) (infield hit)
Jim Unknown to second
Pinch Hitting: RHB Felipe Cruz 0-0: SINGLE (Groundball, 3D, EV 105.6 MPH)
Jim Unknown to third
Brett Bresnahan to second
Pinch Hitting: LHB Corey Holt 0-0: SINGLE (Groundball, 4M, EV 81.3 MPH) (infield hit)
Jim Unknown scores
Brett Bresnahan to third
Felipe Cruz to second
Batting: RHB Allen Eck 0-0: Grounds into fielders choice 5-2 (Groundball, 56, EV 85.6 MPH)
Felipe Cruz to third
Corey Holt to second
Batting: LHB Garrett Basinger 0-0: Called Strike
0-1: Called Strike
0-2: Ball
1-2: Ball
2-2: Ball
3-2: Foul Ball, location: 2F
3-2: Foul Ball, location: 7LSF
3-2: Foul Ball, location: 2F
3-2: SINGLE (Line Drive, 4MD, EV 99.4 MPH)
Felipe Cruz scores
Corey Holt to third
Allen Eck to second
Batting: SHB Cale Dee 0-0: Grounds into double play, 6-4-3 (Groundball, 6, EV 81.9 MPH)
Bottom of the 9th over - 2 runs, 4 hits, 0 errors, 2 left on base; Lakeland 14 - Tampa 4
Tuesday, May 7th , 2024 - OOTP Baseball 24.11 Build 85